 Dungeon Crawl Stone Soup version 0.31-a0-466-g98c9adc2b6 (webtiles) character file.

Game seed: 9506364993463936388

258 Ofeo the Changeling (level 5, -2/41 HPs)
             Began as a Demonspawn Shapeshifter on Aug 5, 2023.
             Splashed by a jelly's acid (7 damage)
             ... on level 4 of the Dungeon.
             The game lasted 00:03:04 (3805 turns).

Ofeo the Changeling (Demonspawn Shapeshifter)       Turns: 3805, Time: 00:03:05

Health: -2/41      AC:  1    Str: 17    XL:     5   Next: 94%
Magic:  5/5        EV: 11    Int: 10    God:
Gold:   96         SH:  0    Dex: 13    Spells: 4/4 levels left

rFire   . .          .
                       - Unarmed
rCold   + + .        (no shield)
rNeg    . . .        j - +4 ring mail of Untold Secrets {rElec rC++ Regen+ Stlth-}
rPois   .            (helmet currently unavailable)
rElec   +            (cloak currently unavailable)
rCorr   .            (gloves currently unavailable)
SInv    .            (boots currently unavailable)
Will    .....        (no amulet) Stlth
                     (no ring)
HPRegen 1.06/turn    (no ring)
MPRegen 0.09/turn

%: no passive effects
@: beast-form, corroded
A: beast (slay +2), demonic guardian 2, foul stench 1
a: Begin Untransformation


You were on level 4 of the Dungeon.
You were a hulking beast.
You visited 1 branch of the dungeon, and saw 4 of its levels.
You also visited: Sewer.

You collected 96 gold pieces.

Inventory:

Armour
 a - a +0 animal skin
 j - the +4 ring mail of Untold Secrets (worn) {rElec rC++ Regen+ Stlth-}
   (You found it on level 2 of the Dungeon)

   rC:        It greatly protects you from cold.
   rElec:     It insulates you from electricity.
   Regen:     It increases your rate of health regeneration.
   Stlth:     It makes you less stealthy.
Jewellery
 y - a ring of protection from fire
Talismans
 c - a beast talisman (active)
 m - a maw talisman
Wands
 x - a wand of acid (8) {@v2}
 A - a wand of mindburst (20)
Scrolls
 b - a scroll of enchant weapon {unknown}
 d - a scroll of fog {unknown}
 e - 2 scrolls of identify {unknown}
 f - a scroll of torment {unknown}
 h - 2 scrolls of teleportation {unknown}
 i - 2 scrolls of blinking {unknown}
 v - a scroll of noise {unknown}
 w - 2 scrolls of amnesia {unknown}
Potions
 g - a potion of berserk rage {unknown}
 k - a potion of mutation {unknown}
 l - 3 potions of brilliance {unknown}
 n - a potion of magic {unknown}
 o - a potion of resistance {unknown}
 p - 3 potions of might {unknown}
 q - a potion of curing {@q1}
 r - 3 potions of cancellation {unknown}
 s - 2 potions of invisibility {unknown}
 t - 4 potions of heal wounds {unknown}
 u - a potion of haste {unknown}
 z - a potion of ambrosia {unknown}


   Skills:
 + Level 3.3 Fighting
 + Level 3.4 Dodging
 - Level 2.9 Unarmed Combat
 + Level 3.7 Shapeshifting


You had 4 spell levels left.
You didn't know any spells.
Your spell library contained the following spells:

 Spells                   Type           Power      Damage    Failure   Level
 Sting                    Tmut/Pois      0%         1d3       56%         1
 Poisonous Vapours        Pois/Air       0%         N/A       71%         2
 Inner Flame              Hex/Fire       0%         N/A       91%         3
 Flame Wave               Conj/Fire      0%         2d4       100%        4
 Olgreb's Toxic Radiance  Pois           0%         N/A       100%        4
 Sticky Flame             Conj/Fire      0%         2d3       100%        4


Dungeon Overview and Level Annotations

Branches:
Dungeon (4/15)              Sewer (visited)
 Temple: D:4-7

Altars:
Sif Muna

Shops:
D:1 [


Innate Abilities, Weirdness & Mutations

You are a hulking beast.
Your limbs bulge with bestial killing power. (Slay +2)
A demonic guardian rushes to your aid.
You may rarely emit foul miasma when damaged in melee.


Message History

You hit the jelly.
Your hands burn!
The jelly is moderately wounded.
The jelly hits you but does no damage.
You take 4 damage, and have 37/41 hp.
You hit the jelly. The acid corrodes you!
Your hands burn!
The jelly is moderately wounded.
The jelly barely misses you.
You take 3 damage, and have 34/41 hp.
You hit the jelly.
Your hands burn!
The jelly is severely wounded.
The jelly jiggles.
The jelly hits you. The acid corrodes you!
You are splashed with acid.
You take 13 damage, and have 21/41 hp.
MASSIVE DAMAGE!!
You are too injured to fight recklessly!
You are too injured to fight recklessly!
You are too injured to fight recklessly!
You are too injured to fight recklessly!
You are too injured to fight recklessly!
You are too injured to fight recklessly!
A jelly is nearby!
You completely miss the jelly.
The jelly is severely wounded.
The jelly barely misses you.
You hit the jelly.
Your hands burn!
The jelly is almost dead.
The jelly closely misses you.
You take 1 damage, and have 21/41 hp.
You hit the jelly but do no damage.
Your hands burn!
The jelly is almost dead.
The jelly hits you. The acid corrodes you!
You are splashed with acid!
* * * LOW HITPOINT WARNING * * *
A demonic guardian appears!
You take 14 damage, and have 7/41 hp.
MASSIVE DAMAGE!!
You hit the jelly but do no damage. The acid corrodes you!
Your hands burn!
* * * LOW HITPOINT WARNING * * *
The jelly is almost dead.
The jelly hits you.
* * * LOW HITPOINT WARNING * * *
You are splashed with acid!
You die...

. .### ... #.####
#... #.#.J##
#...h4##
#####..##
#######.#.######.
.................
.#####.#####...#
#.........# .#
#....#†.#...#
#...<#..# ##
#...##...>


You could see a jelly (ally target) and a friendly orange demon (summoned).

Vanquished Creatures
  A howler monkey (D:4)
  Jessica (D:2)
  2 adders
  6 river rats (Sewer)
  A worm (D:3)
  2 dart slugs
  2 orcs (D:3)
  6 bats
  6 endoplasms
  7 giant cockroaches
  2 goblins
  4 hobgoblins
  6 jackals
  15 kobolds
  7 quokkas
  9 ball pythons
  5 frilled lizards
  19 rats
101 creatures vanquished.

Vanquished Creatures (collateral kills)
  3 orcs (D:3)
  A kobold (Sewer)
  3 rats (Sewer)
7 creatures vanquished.

Grand Total: 108 creatures vanquished

Notes
Turn   | Place    | Note
-------+----------+-------------------------------------------
     0 | D:1      | Ofeo the Demonspawn Shapeshifter began the quest for the
                  | Orb.
     0 | D:1      | Reached XP level 1. HP: 15/15 MP: 1/1
   336 | D:1      | Gained mutation: A weak demonic guardian rushes to your
                  | aid. [demonic ancestry]
   336 | D:1      | Reached XP level 2. HP: 10/21 MP: 2/2
   713 | D:1      | Found a faded altar of an unknown god.
   868 | D:1      | Found Olaebbov's Antique Armour Emporium.
  1410 | D:2      | Identified the +4 ring mail of Untold Secrets {rElec rC++
                  | Regen+ Stlth-}
  1451 | D:2      | Gained mutation: A demonic guardian rushes to your aid.
                  | [demonic ancestry]
  1451 | D:2      | Reached XP level 3. HP: 27/27 MP: 3/3
  1790 | D:2      | Noticed Jessica
  1794 | D:2      | Killed Jessica
  1872 | D:2      | Gained mutation: You may rarely emit foul miasma when
                  | damaged in melee. [demonic ancestry]
  1872 | D:2      | Reached XP level 4. HP: 33/33 MP: 4/4
  1958 | D:2      | You fall into a shaft and drop 1 floor!
  2009 | D:3      | Found a glowing drain.
  2031 | Sewer    | Entered a sewer
  2222 | Sewer    | Reached XP level 5. HP: 32/39 MP: 5/5
  3432 | D:3      | Found a shimmering blue altar of Sif Muna.
  3805 | D:4      | Splashed by a jelly's acid

Illustrated notes

Levels and vault maps discovered:
D:1:      amcnicky_arrival_abandoned_market, layout_basic,
          shapermc_ecumenical_altar_pompeii, serial_shops,
          nicolae_shop_statue_plus
D:2:      layout_loops_ring, bh_walls_and_bars, uniq_jessica
D:3:      layout_basic, lemuel_blue_sif_altar, gup_sewer_entry_pipe
D:4:      layout_basic, tso_oasis_becter, minmay_cut_off, uniq_pikel

Skill      XL: |  1  2  3  4  5 |
---------------+----------------+-----
Dodging        | 2 3 |  3.4
Shapeshifting  | 3 |  3.7
Fighting       | 2 3 |  3.3
Unarmed Combat | |  2.9

Action                     |  1- 3 |  4- 6 || total
---------------------------+-------+-------++-------
  Melee: Unarmed           |   110 |   254 ||   364
         Punch             |     1 |     3 ||     4
    Use: Potion            |     3 |       ||     3
   Stab: Sleeping          |     4 |       ||     4
 Armour: Animal skin       |    32 |       ||    32
         Skin              |     1 |       ||     1
         Ring mail         |    15 |   129 ||   144
  Dodge: Dodged            |   104 |   186 ||   290

Table legend: (Time is in decaauts)
 A = Elapsed time spent in this place.
 B = Non-inter-level travel time spent in this place.
 C = Inter-level travel time spent in this place.
 D = Time resting spent in this place.
 E = Time spent auto-exploring this place.
 F = Levels seen in this place.
 G = Mean time per level.
                   A        B        C        D        E       F      G
               +--------+--------+--------+--------+--------+-----+--------+
         Total |   3807 |   3697 |    110 |     71 |   2925 |   5 |  761.4 |
       Dungeon |   3258 |   3148 |    110 |     71 |   2582 |   4 |  814.5 |
         Sewer |    548 |    548 |      0 |      0 |    343 |   1 |  548.0 |
               +--------+--------+--------+--------+--------+-----+--------+

Top non-repeatable levels by time:
     D:3: 1280 daAuts
     D:1: 1083 daAuts
     D:2: 867 daAuts
   Sewer: 548 daAuts
     D:4: 27 daAuts
